 Dungeon Crawl Stone Soup version 0.30-a0-7-g94fe547ab8 (webtiles) character file.

Game seed: 4023207137807947136

134 Plasmagod the Chopper (level 4, 0/39 HPs)
             Began as a Minotaur Fighter on Aug 23, 2022.
             Slain by Pikel
             ... wielding a +0 whip of flaming
              (3 damage)
             ... on level 4 of the Dungeon.
             The game lasted 00:02:24 (2158 turns).

Plasmagod the Chopper (Minotaur Fighter)            Turns: 2158, Time: 00:02:24

Health: 0/39       AC:  6    Str: 22    XL:     4   Next: 95%
Magic:  3/3        EV:  9    Int:  5    God:
Gold:   251        SH:  4    Dex: 10    Spells: 3/3 levels left

rFire   . . .      SeeInvis .    a - +0 war axe
rCold   . . .      Faith    .    c - +0 buckler
rNeg    . . .      Spirit   .    b - +0 scale mail
rPois   .          Reflect  .    (helmet restricted)
rElec   .          Harm     .    (no cloak)
rCorr   .          Rampage  .    (no gloves)
Will    .....                    (no boots)
Stlth   ..........               (no amulet)
HPRegen 0.13/turn                (no ring)
MPRegen 0.08/turn                (no ring)

@: no status effects
A: horns 2, retaliatory headbutt
a: no special abilities


You were on level 4 of the Dungeon.
You visited 1 branch of the dungeon, and saw 4 of its levels.

You collected 251 gold pieces.

Inventory:

Hand Weapons
 a - a +0 war axe (weapon)
Armour
 b - a +0 scale mail (worn)
 c - a +0 buckler (worn)
Scrolls
 f - a scroll of torment {unknown}
 g - 5 scrolls of identify {unknown}
 h - 3 scrolls of teleportation {unknown}
 i - 2 scrolls of enchant weapon {unknown}
 k - 3 scrolls of immolation {unknown}
 l - 2 scrolls of poison {unknown}
 n - a scroll of amnesia {unknown}
 o - a scroll of magic mapping {unknown}
 p - a scroll of fear {unknown}
 r - a scroll of summoning {unknown}
 t - a scroll of butterflies {unknown}
Potions
 d - a potion of might
 e - a potion of degeneration {unknown}
 j - 2 potions of mutation {unknown}
 m - a potion of flight {unknown}
 q - 2 potions of curing {unknown}
 s - a potion of brilliance {unknown}


   Skills:
 - Level 3.6 Fighting
 + Level 6.3 Axes
 - Level 3.6 Armour
 - Level 3.6 Shields


You had 3 spell levels left.
You didn't know any spells.
Your spell library was empty.

Dungeon Overview and Level Annotations

Branches:
Dungeon (4/15)
 Temple: D:4-7

Altars:

Annotations:
D:4 Pikel


Innate Abilities, Weirdness & Mutations

You have a pair of horns on your head.
You reflexively headbutt those who attack you in melee.


Message History

Pikel hits you with a +0 whip of flaming.
Pikel burns you.
An adder comes into view.
The adder hisses angrily.
You hit Pikel but do no damage.
Pikel is severely wounded.
Pikel hits you with a +0 whip of flaming.
Pikel burns you.
You hit Pikel but do no damage.
Pikel is severely wounded.
Pikel hits you with a +0 whip of flaming.
Pikel burns you.
You miss Pikel. You headbutt Pikel, but do no damage.
Pikel is severely wounded.
Pikel drinks a potion.
Pikel is healed!
You closely miss Pikel. You headbutt Pikel.
Pikel is moderately wounded.
Pikel hits you but does no damage.
You hit Pikel.
Pikel is moderately wounded.
Pikel barely misses you. Pikel completely misses you. You furiously retaliate!
You headbutt Pikel! You barely miss Pikel.
Pikel is heavily wounded.
Pikel hits you with a +0 whip of flaming.
* * * LOW HITPOINT WARNING * * *
Pikel burns you.
* * * LOW HITPOINT WARNING * * *
You slash Pikel! You headbutt Pikel.
Pikel is almost dead.
Pikel hits you with a +0 whip of flaming.
* * * LOW HITPOINT WARNING * * *
Pikel burns you.
* * * LOW HITPOINT WARNING * * *
You hit Pikel.
Pikel is almost dead.
Pikel hits you with a +0 whip of flaming.
* * * LOW HITPOINT WARNING * * *
Pikel burns you.
You die...

##.##...# ####...
####......# #......
###........## .......
####..........# .......
##.............# #......
#.............## ##.....
#.............## ###
#..... #............#.##
#..## ##....
#...........##@.# ....###
##...
#...........###K##......#
##.. ##.........##
#J55....... #........##
##55....... ##.......#
#......... ##.....##
#.....!.... ##...##
#.......... ##.##
........... ###
#...........


You could see Pikel, 4 lemures and an endoplasm.

Vanquished Creatures
  An iguana (D:4)
  A gnoll (D:1)
  4 adders
  2 worms
  A dart slug (D:2)
  7 ball pythons
  2 bats
  5 endoplasms
  3 giant cockroaches
  3 goblins
  9 hobgoblins
  6 kobolds
  3 quokkas
  A frilled lizard (D:1)
  4 rats
52 creatures vanquished.

Vanquished Creatures (others)
  5 fungi (D:1)
  4 toadstools (D:1)
9 creatures vanquished.

Grand Total: 61 creatures vanquished

Notes
Turn   | Place    | Note
-------+----------+-------------------------------------------
     0 | D:1      | Plasmagod the Minotaur Fighter began the quest for the Orb.
     0 | D:1      | Reached XP level 1. HP: 19/19 MP: 0/0
   228 | D:1      | Reached skill level 3 in Axes
   228 | D:1      | Reached XP level 2. HP: 26/26 MP: 1/1
   283 | D:1      | Reached skill level 4 in Axes
   492 | D:1      | Reached XP level 3. HP: 31/31 MP: 2/2
  1124 | D:2      | Reached skill level 5 in Axes
  1632 | D:3      | Reached XP level 4. HP: 39/39 MP: 3/3
  2042 | D:4      | Reached skill level 6 in Axes
  2136 | D:4      | Noticed Pikel
  2136 | D:4      | Noticed a lemure
  2136 | D:4      | Noticed a lemure
  2136 | D:4      | Noticed a lemure
  2141 | D:4      | Noticed a lemure
  2158 | D:4      | Slain by Pikel

Illustrated notes

Levels and vault maps discovered:
D:1:      dpeg_chamrin_arrival_tetris, layout_loops_ring,
          minmay_gold_behind_fungi
D:2:      wad_crossroads, layout_basic
D:3:      layout_basic, hangedman_decor_riveting
D:4:      layout_cave_pods, grunt_temple_overflow_order_and_chaos_2,
          serial_shops, shop, uniq_pikel

Skill      XL: |  1  2  3  4 |
---------------+-------------+-----
Axes           | 3 4 5 6 |  6.3
Fighting       | |  3.6
Armour         | |  3.6
Shields        | |  3.6

Action                   |  1- 3 |  4- 6 || total
-------------------------+-------+-------++-------
Melee: War axe           |    69 |    41 ||   110
       Headbutt          |    10 |     9 ||    19
Armor: Scale mail        |    27 |     9 ||    36
Dodge: Dodged            |    26 |    16 ||    42
Block: Buckler           |    19 |     7 ||    26

Table legend: (Time is in decaauts)
 A = Elapsed time spent in this place.
 B = Non-inter-level travel time spent in this place.
 C = Inter-level travel time spent in this place.
 D = Time resting spent in this place.
 E = Time spent auto-exploring this place.
 F = Levels seen in this place.
 G = Mean time per level.
                   A        B        C        D        E       F      G
               +--------+--------+--------+--------+--------+-----+--------+
         Total |   2189 |   2149 |     40 |      0 |   1829 |   4 |  547.2 |
       Dungeon |   2189 |   2149 |     40 |      0 |   1829 |   4 |  547.2 |
               +--------+--------+--------+--------+--------+-----+--------+

Top non-repeatable levels by time:
     D:1: 856 daAuts
     D:2: 736 daAuts
     D:3: 402 daAuts
     D:4: 194 daAuts
